 Dungeon Crawl Stone Soup version 0.20-a0-513-g02c11fc (webtiles) character file.

29 Kaname the Stinger (level 3, 21/24 HPs)
             Began as a Demonspawn Venom Mage on Jan 23, 2017.
             Quit the game on level 1 of the Dungeon.
             The game lasted 00:02:18 (1207 turns).

Kaname the Stinger (Demonspawn Venom Mage)          Turns: 1207, Time: 00:02:18

Health: 21/24      AC:  4    Str:  8    XL:     3   Next: 1%
Magic:  6/6        EV: 12    Int: 17    God:
Gold:   28         SH:  0    Dex: 13    Spells: 5/6 levels left

rFire    . . .     SeeInvis .   n - +1 short sword (flame)
rCold    . . .     Gourm    .   a - +0 robe
rNeg     . . .     Faith    .   (no shield)
rPois    .         Spirit   .   (no helmet)
rElec    .         Reflect  .   (no cloak)
rCorr    .         Harm     .   (no gloves)
MR       .....                  (no boots)
Stlth    ++........             (no amulet)
Regen    0.1/turn               (no ring)
                                (no ring)

@: no status effects
A: iridescent scales 1, spiny 1
a: no special abilities


You were on level 1 of the Dungeon.
You were very hungry.

You visited 1 branch of the dungeon, and saw 1 of its levels.

You collected 28 gold pieces.

Inventory:

Hand Weapons
 n - a +1 short sword of flaming (weapon)
Armour
 a - a +0 robe (worn)
Scrolls
 f - a scroll of teleportation {unknown}
 g - 2 scrolls of immolation {unknown}
 j - a scroll of blinking {unknown}
 k - a scroll of enchant weapon {unknown}
Potions
 d - a potion of flight {unknown}
 e - a potion of heal wounds {unknown}
 i - a potion of haste {unknown}
 l - a potion of might {unknown}
 m - a potion of berserk rage {unknown}
 o - a potion of lignification {unknown}
Books
 b - a Young Poisoner's Handbook

   Spells                             Type                      Level
   a - Sting                          Conjuration/Poison           1
   b - Poisonous Vapours              Poison/Air                   2
   c - Mephitic Cloud                 Conjuration/Poison/Air       3
   d - Olgreb's Toxic Radiance        Poison                       4
   e - Venom Bolt                     Conjuration/Poison           5
Comestibles
 c - a bread ration
 h - 2 fruits


   Skills:
 - Level 1.7 Dodging
 - Level 1.7 Stealth
 - Level 2.0 Spellcasting
 - Level 2.0 Conjurations
 + Level 3.7 Poison Magic


You had 5 spell levels left.
You knew the following spells:

 Your Spells              Type           Power        Failure   Level  Hunger
a - Sting                 Conj/Pois      ##..         10%         1    #......


Dungeon Overview and Level Annotations

Branches:
Dungeon (1/15)

Altars:


Innate Abilities, Weirdness & Mutations

You are partially covered in iridescent scales. (AC +2)
You are partially covered in sharp spines.


Message History

The ooze moves out of view.
A bat comes into view.
The ooze quivers.
The ooze is struck by your spines. The ooze hits you.
You hit the ooze. You burn the ooze.
The ooze is moderately wounded.
The ooze closely misses you.
You barely miss the ooze.
The ooze is moderately wounded.
The ooze is struck by your spines. The ooze closely misses you.
You hit the ooze. You burn the ooze.
The ooze is severely wounded.
The ooze is struck by your spines.
You kill the ooze!
You have reached level 3!
Your experience leads to an increase in your attributes!
Increase (S)trength, (I)ntelligence, or (D)exterity?
You feel clever.
Your demonic ancestry asserts itself...
Iridescent scales grow over part of your body.
Are you sure you want to abandon this character and quit the game? (Confirm with "yes".)

#.# #. ... #.# #.
...####.#####.###'
#.#.. ........'...
#.#.# .#####.###' ....
#.# #. #.. ##.# #. #b#
#..# #. #@# #..# ##
#.######## #..#
#........# #..#### ###
#........###.....(
...##..####..##...(.##
#.......##..#.......#
###...#.............#
..
#.....###..#.......#
#.#
##...####..#.......#


You could see a bat.

Vanquished Creatures
  An ooze (D:1)
  A dart slug (D:1)
  A leopard gecko (D:1)
  A giant cockroach (D:1)
  5 hobgoblins (D:1)
  4 jackals (D:1)
  3 kobolds (D:1)
  2 frilled lizards (D:1)
  A rat (D:1)
19 creatures vanquished.

Notes
Turn   | Place    | Note
-------+----------+-------------------------------------------
     0 | D:1      | Kaname the Demonspawn Venom Mage began the quest for the Orb.
     0 | D:1      | Reached XP level 1. HP: 13/13 MP: 3/3
   136 | D:1      | Gained mutation: You are partially covered in sharp spines. [demonic ancestry]
   136 | D:1      | Reached XP level 2. HP: 3/19 MP: 0/5
  1206 | D:1      | Gained mutation: You are partially covered in iridescent scales. (AC +2) [demonic ancestry]
  1206 | D:1      | Reached XP level 3. HP: 21/24 MP: 6/6
  1207 | D:1      | Quit the game

Vault maps used:
D:1:      scummos_arrival_simple_fountains, minmay_door_square,
          minmay_heptomino_w4

Skill      XL: |  1 |
---------------+----+-----
Conjurations   | 2 |  2.0
Dodging        | |  1.7
Stealth        | |  1.7
Spellcasting   | |  2.0
Poison Magic   | |  3.7

Action                   || total
-------------------------++-------
Melee: Unarmed           ||     8
       Dagger            ||    33
       Short sword       ||    10
 Cast: Sting             ||    14
Armor: Robe              ||     9
Dodge: Dodged            ||    30
